 Dungeon Crawl Stone Soup version 0.29.1-15-g9cfb28693d (webtiles) character file.

Game seed: 15123440379544871387

8 Heoruswealwe the Digger (level 2, 15/15 HPs)
             Began as a Deep Elf Earth Elementalist on May 1, 2023.
             Was a Follower of Cheibriados.
             Got out of the dungeon alive.
             The game lasted 00:05:45 (743 turns).

Heoruswealwe the Digger (DEEE)                       Turns: 743, Time: 00:05:45

Health: 15/15      AC:  2    Str:  5 (7)  XL:     2   Next: 0%
Magic:  8/8        EV: 12    Int: 18 (21) God:    Cheibriados [*.....]
Gold:   75         SH:  0    Dex: 14 (17) Spells: 5/8 levels left

rFire   . . .      SeeInvis .   (no weapon)
rCold   . . .      Faith    .   (no shield)
rNeg    . . .      Spirit   .   c - +0 robe
rPois   .          Reflect  .   (no helmet)
rElec   .          Harm     .   (no cloak)
rCorr   .          Rampage  .   (no gloves)
Will    .....                   (no boots)
Stlth   ++........              (no amulet)
HPRegen 0.05/turn               (no ring)
MPRegen 0.11/turn               (no ring)

@: very slow
A: no striking features
a: Renounce Religion, Bend Time


You escaped.
You worshipped Cheibriados.
Cheibriados was aware of your devotion.
You visited 1 branch of the dungeon, and saw 1 of its levels.

You collected 75 gold pieces.

Inventory:

Armour
 c - a +0 robe (worn)
Potions
 b - a potion of magic


   Skills:
 - Level 2.4 Dodging
 - Level 2.4 Stealth
 + Level 3.5 Spellcasting
 - Level 1.1 Transmutations
 + Level 3.6 Earth Magic


You had 5 spell levels left.
You knew the following spells:

 Your Spells              Type           Power      Damage    Failure   Level
a - Sandblast             Erth           32%        2d9       3%          1
z - Passwall              Tmut/Erth      9%         N/A       9%          2

Your spell library contained the following spells:

 Spells                   Type           Power      Damage    Failure   Level
 Stone Arrow              Conj/Erth      18%        3d8       22%         3
 Gell's Gravitas          Tloc           3%         N/A       43%         3
 Lesser Beckoning         Tloc           3%         N/A       43%         3
 Teleport Other           Tloc           3%         N/A       43%         3
 Petrify                  Tmut/Erth      11%        N/A       52%         4


Dungeon Overview and Level Annotations

Branches:
Dungeon (1/15)

Altars:
Cheibriados


Message History

A nearby fungus withers and dies.
You hit the fungus.
The fungus begins to die.
The fungus is lightly damaged.
You hit the fungus.
The fungus is lightly damaged.
You hit the fungus but do no damage.
The fungus is lightly damaged.
You hit the fungus but do no damage.
The fungus is lightly damaged.
You hit the fungus.
The fungus is lightly damaged.
A nearby fungus withers and dies.
There is a faded altar of an unknown god here.
You cannot tell which god this altar belongs to.
Convert to them anyway? [Y]es or [N]o only, please.
You cannot tell which god this altar belongs to.
Convert to them anyway?
Cheibriados accepts your prayer! Cheibriados welcomes you!
Cheibriados begins to support your attributes as your movement slows.
Cheibriados is now slowing the effects of poison on you.
You can now bend time to slow others.
Cheibriados raises the support of your attributes as your movement slows.
You enter the shallow water.
Moving in this stuff is going to be slow.
Found 18 gold pieces.
You now have 75 gold pieces (gained 18).
You open the door.
There is an open door here.
Done exploring.
Done exploring.
As you read the scroll labelled COUHARO DAPRO, it crumbles to dust.
You feel strangely unstable.
It was a scroll of teleportation.
Your surroundings suddenly seem different.
It was a potion of degeneration.
There was something very wrong with that liquid.
You feel weakened.
You feel dopey.
You feel clumsy.
You see here a +0 short sword.
There is a staircase leading out of the dungeon here.
Are you sure you want to leave the Dungeon?
This will make you lose the game!
You have escaped!

#..#.#.#.###.####.######.#..#
#..#.#.#.#...#.........#.#..##
#..#.#.#.#.###.#########......
#.##.#.#...#...........####.##
#.##...#.###.#####.###)# #.#
#.####.#.#...#...#...#.# #.#
#.##.#.#.#.###.#.###.### #.#
#.##.#...#.....#...#...# #.##
#[##.###.###.@.###.###.# #..#
#.##...#...#.....#...#.# ##..
#.####.###.#.###.#.#.#.# ##.
#.##.#...#...#...#.#.### ##
#.##.###.#####.###.#...# #.
#.##...........#...#.#.# #)
#.##########.###.#.#.#.# #.
#.##.........#...#.#.#.# #.
#.#######.####.###.#.#.# #.


There were no monsters in sight!

Vanquished Creatures
  An endoplasm (D:1)
  A giant cockroach (D:1)
  A hobgoblin (D:1)
  2 kobolds (D:1)
  A bat (D:1)
  A frilled lizard (D:1)
  A rat (D:1)
8 creatures vanquished.

Vanquished Creatures (others)
  8 fungi (D:1)
  6 plants (D:1)
14 creatures vanquished.

Grand Total: 22 creatures vanquished

Notes
Turn   | Place    | Note
-------+----------+-------------------------------------------
     0 | D:1      | Heoruswealwe the Deep Elf Earth Elementalist began the
                  | quest for the Orb.
     0 | D:1      | Reached XP level 1. HP: 10/10 MP: 6/6
   586 | D:1      | Reached XP level 2. HP: 15/15 MP: 4/8
   589 | D:1      | Learned a level 2 spell: Passwall
   601 | D:1      | Found a faded altar of an unknown god.
   625 | D:1      | Prayed at the altar of an unknown god.
   625 | D:1      | Became a worshipper of Cheibriados the Contemplative
   625 | D:1      | Reached * piety under Cheibriados
   743 | D:$      | Got out of the dungeon alive.

Illustrated notes

Levels and vault maps discovered:
D:1:      psy_arrival_radial02, layout_basic,
          shapermc_ecumenical_altar_hornbeckon

Action                   || total
-------------------------++-------
Melee: Unarmed           ||    68
 Cast: Sandblast         ||    10
  Use: Scroll            ||     1
       Potion            ||     1
Dodge: Dodged            ||     1
